BSA
SPRINGFIELD STARS @ NEW YORK KNIGHTS
06/21/2030
 
TOP OF THE 1ST
Springfield Stars batting - Pitching for New York Knights : LHP Steven England
Pitching: LHP Steven England
Batting: SHB António De La Cruz 0-0: Ball
1-0: Ball
2-0: SOLO HOME RUN (Line Drive, 8LXD), Distance : 422 ft
Batting: LHB Jesús Tobías 0-0: Ball
1-0: Ground out U3 (Groundball, 3)
Batting: LHB Derek Davidson 0-0: Called Strike
0-1: Ball
1-1: Ball
2-1: Ball
3-1: Foul Ball, location: 2F
3-2: Ground out 4-3 (Groundball, 4)
Batting: LHB Felipe Guerrero 0-0: Ball
1-0: SINGLE (Groundball, 34D)
Batting: RHB Gabriel Erwin 0-0: Ball
1-0: Ball
2-0: Ball
3-0: Base on Balls
Felipe Guerrero to second
Batting: RHB Calvin Bennett 0-0: Ball
1-0: Ball
2-0: Called Strike
2-1: Swinging Strike
2-2: Strikes out swinging
Top of the 1st over - 1 run, 2 hits, 0 errors, 2 left on base; Springfield 1 - New York 0
BOTTOM OF THE 1ST
New York Knights batting - Pitching for Springfield Stars : RHP Claudio Martínez
Pitching: RHP Claudio Martínez
Batting: LHB Bernardo Rodríguez 0-0: Ball
1-0: Ball
2-0: Called Strike
2-1: Foul Ball, location: 2F
2-2: Ball
3-2: Foul Ball, location: 2F
3-2: Strikes out looking
Batting: RHB Alberto Hernández 0-0: Foul Ball, location: 2F
0-1: Ball
1-1: Called Strike
1-2: Ball
2-2: SINGLE (Groundball, 4MD)
Batting: SHB Mark Wells 0-0: Foul Ball, location: 2F
0-1: Ball
1-1: Fielders Choice at 2nd, 4-6 (Groundball, 4M)
Batting: RHB Vic Langlois 0-0: Called Strike
0-1: Fly out, F9 (Flyball, 9S)
Bottom of the 1st over - 0 runs, 1 hit, 0 errors, 1 left on base; Springfield 1 - New York 0
TOP OF THE 2ND
Springfield Stars batting - Pitching for New York Knights : LHP Steven England
Batting: LHB Will Hill 0-0: Ball
1-0: Foul Ball, location: 2F
1-1: Fly out, F5 (Popup, 56S)
Batting: LHB Elliott Newell 0-0: Ball
1-0: Ball
2-0: Foul Ball, location: 2F
2-1: Called Strike
2-2: Ball
3-2: Ground out 6-3 (Groundball, 6)
Batting: RHB Juan Carlos Rodríguez 0-0: Called Strike
0-1: Ball
1-1: Swinging Strike
1-2: Ball
2-2: Ball
3-2: Foul Ball, location: 2F
3-2: Foul Ball, location: 2F
3-2: SINGLE (Groundball, 34D)
Batting: SHB António De La Cruz 0-0: Called Strike
0-1: Ball
1-1: Called Strike
1-2: Foul Ball, location: 2F
1-2: Foul Ball, location: 2F
1-2: Foul Ball, location: 2F
1-2: 2-RUN HOME RUN (Flyball, 7LD), Distance : 454 ft
Batting: LHB Jesús Tobías 0-0: Fly out, F9 (Flyball, 89D)
Top of the 2nd over - 2 runs, 2 hits, 0 errors, 0 left on base; Springfield 3 - New York 0
BOTTOM OF THE 2ND
New York Knights batting - Pitching for Springfield Stars : RHP Claudio Martínez
Batting: LHB Bill McCraney 0-0: Foul Ball, location: 2F
0-1: Ground out 1-3 (Groundball, 13S)
Batting: LHB José Peralta 0-0: Ball
1-0: Ball
2-0: Fly out, F9 (Flyball, 9S)
Batting: RHB Jackson Gibson 0-0: Called Strike
0-1: Swinging Strike
0-2: Strikes out swinging
Bottom of the 2nd over - 0 runs, 0 hits, 0 errors, 0 left on base; Springfield 3 - New York 0
TOP OF THE 3RD
Springfield Stars batting - Pitching for New York Knights : LHP Steven England
Batting: LHB Derek Davidson 0-0: Foul Ball, location: 2F
0-1: Swinging Strike
0-2: Strikes out swinging
Batting: LHB Felipe Guerrero 0-0: Called Strike
0-1: Foul Ball, location: 2F
0-2: Ball
1-2: Ball
2-2: Foul Ball, location: 2F
2-2: Foul Ball, location: 2F
2-2: Ball
3-2: Ground out U3 (Groundball, 3)
Batting: RHB Gabriel Erwin 0-0: Ball
1-0: Ball
2-0: Ball
3-0: Base on Balls
Batting: RHB Calvin Bennett 0-0: Swinging Strike
0-1: Ball
1-1: TRIPLE (Flyball, 78XD)
Gabriel Erwin scores
Batting: LHB Will Hill 0-0: Ball
1-0: Ball
2-0: Ball
3-0: Ground out 6-3 (Groundball, 6)
Top of the 3rd over - 1 run, 1 hit, 0 errors, 1 left on base; Springfield 4 - New York 0
BOTTOM OF THE 3RD
New York Knights batting - Pitching for Springfield Stars : RHP Claudio Martínez
Batting: RHB Robert Downing 0-0: Called Strike
0-1: Ball
1-1: Swinging Strike
1-2: Ball
2-2: Strikes out looking
Batting: LHB Sixto Cortés 0-0: Called Strike
0-1: Called Strike
0-2: Foul Ball, location: 2F
0-2: Foul Ball, location: 2F
0-2: Strikes out swinging
Batting: LHB Bernardo Rodríguez 0-0: Ground out 6-3 (Groundball, 56)
Bottom of the 3rd over - 0 runs, 0 hits, 0 errors, 0 left on base; Springfield 4 - New York 0
TOP OF THE 4TH
Springfield Stars batting - Pitching for New York Knights : LHP Steven England
Batting: LHB Elliott Newell 0-0: Ball
1-0: Foul Ball, location: 2F
1-1: Ball
2-1: Foul Ball, location: 2F
2-2: Foul Ball, location: 2F
2-2: Strikes out swinging
Batting: RHB Juan Carlos Rodríguez 0-0: SINGLE (Line Drive, 56D)
Pitching: RHP Steve Poe
Batting: SHB António De La Cruz 0-0: Called Strike
0-1: Foul Ball, location: 2F
0-2: Ball
1-2: Ball
2-2: Ball
3-2: Base on Balls
Juan Carlos Rodríguez to second
Batting: LHB Jesús Tobías 0-0: Foul Ball, location: 2F
0-1: Ball
1-1: Ball
2-1: Ball
3-1: Base on Balls
Juan Carlos Rodríguez to third
António De La Cruz to second
Batting: LHB Derek Davidson 0-0: Ball
1-0: Foul Ball, location: 2F
1-1: Ball
2-1: Ball
3-1: Foul Ball, location: 2F
3-2: Base on Balls
Juan Carlos Rodríguez scores
António De La Cruz to third
Jesús Tobías to second
Batting: LHB Felipe Guerrero 0-0: Called Strike
0-1: Ball
1-1: Foul Ball, location: 2F
1-2: DOUBLE (Line Drive, 9LD)
António De La Cruz scores
Jesús Tobías scores
Derek Davidson to third
Runner from 3rd tries for Home, SAFE, throw made at trailing runner, OUT at third!
Batting: RHB Gabriel Erwin 0-0: Ball
1-0: Ground out 5-3 (Groundball, 5)
Top of the 4th over - 4 runs, 2 hits, 0 errors, 0 left on base; Springfield 8 - New York 0
BOTTOM OF THE 4TH
New York Knights batting - Pitching for Springfield Stars : RHP Claudio Martínez
Now in LF: Norberto Taváres
Batting: RHB Alberto Hernández 0-0: Ball
1-0: Ball
2-0: Called Strike
2-1: Ball
3-1: Called Strike
3-2: Strikes out swinging
Batting: SHB Mark Wells 0-0: Swinging Strike
0-1: Called Strike
0-2: Foul Ball, location: 2F
0-2: Ball
1-2: Foul Ball, location: 2F
1-2: Foul Ball, location: 2F
1-2: Ball
2-2: Fly out, F7 (Flyball, 7)
Batting: RHB Vic Langlois 0-0: Foul Ball, location: 2F
0-1: Called Strike
0-2: Strikes out swinging
Bottom of the 4th over - 0 runs, 0 hits, 0 errors, 0 left on base; Springfield 8 - New York 0
TOP OF THE 5TH
Springfield Stars batting - Pitching for New York Knights : RHP Steve Poe
Batting: RHB Calvin Bennett 0-0: Called Strike
0-1: Ball
1-1: SINGLE (Groundball, 6MD)
Batting: LHB Will Hill 0-0: Ball
1-0: Called Strike
Calvin Bennett steals 2nd base
1-1: Fly out, F7 (Flyball, 7LS)
Batting: LHB Elliott Newell 0-0: Called Strike
0-1: Ball
Wild Pitch!
Calvin Bennett to third
1-1: Ball
2-1: Foul Ball, location: 2F
2-2: SINGLE (Groundball, 3D)
Calvin Bennett scores
Batting: RHB Juan Carlos Rodríguez 0-0: Called Strike
0-1: Fly out, F9 (Flyball, 9)
Batting: SHB António De La Cruz 0-0: Ball
1-0: Ball
2-0: Ball
3-0: Called Strike
3-1: Base on Balls
Elliott Newell to second
Batting: LHB Jesús Tobías 0-0: Swinging Strike
0-1: SINGLE (Line Drive, 8RS)
Elliott Newell to third
António De La Cruz to second
Pitching: LHP Simon Martel
Batting: LHB Derek Davidson 0-0: Fly out, F9 (Flyball, 9)
Top of the 5th over - 1 run, 3 hits, 0 errors, 3 left on base; Springfield 9 - New York 0
BOTTOM OF THE 5TH
New York Knights batting - Pitching for Springfield Stars : RHP Claudio Martínez
Batting: LHB Bill McCraney 0-0: Foul Ball, location: 2F
0-1: Called Strike
0-2: Strikes out swinging
Batting: LHB José Peralta 0-0: Called Strike
0-1: Ball
1-1: Swinging Strike
1-2: Foul Ball, location: 2F
1-2: Ball
2-2: Strikes out looking
Batting: RHB Jackson Gibson 0-0: Ball
1-0: Called Strike
1-1: Ball
2-1: Called Strike
2-2: Ball
3-2: Strikes out swinging
Bottom of the 5th over - 0 runs, 0 hits, 0 errors, 0 left on base; Springfield 9 - New York 0
TOP OF THE 6TH
Springfield Stars batting - Pitching for New York Knights : LHP Simon Martel
Batting: RHB Norberto Taváres 0-0: Ball
1-0: Foul Ball, location: 2F
1-1: Called Strike
1-2: Ball
2-2: Ground out 4-3 (Groundball, 4)
Batting: RHB Gabriel Erwin 0-0: Called Strike
0-1: Foul Ball, location: 2F
0-2: Ball
1-2: Foul Ball, location: 2F
1-2: Strikes out looking
Pitching: LHP Henny van der Lack
Batting: RHB Calvin Bennett 0-0: SINGLE (Line Drive, 3D)
Batting: LHB Will Hill 0-0: Ball
1-0: Called Strike
Calvin Bennett steals 2nd base
1-1: Ground out 4-3 (Groundball, 4M)
Top of the 6th over - 0 runs, 1 hit, 0 errors, 1 left on base; Springfield 9 - New York 0
BOTTOM OF THE 6TH
New York Knights batting - Pitching for Springfield Stars : RHP Claudio Martínez
Batting: RHB Robert Downing 0-0: Ball
1-0: Ground out 1-3 (Groundball, 15S)
Batting: LHB Sixto Cortés 0-0: Called Strike
0-1: Ground out 4-3 (Groundball, 4S)
Batting: LHB Bernardo Rodríguez 0-0: Called Strike
0-1: Fly out, F7 (Flyball, 7S)
Bottom of the 6th over - 0 runs, 0 hits, 0 errors, 0 left on base; Springfield 9 - New York 0
TOP OF THE 7TH
Springfield Stars batting - Pitching for New York Knights : LHP Henny van der Lack
Batting: LHB Elliott Newell 0-0: Foul Ball, location: 2F
0-1: SINGLE (Line Drive, 56D)
Batting: RHB Juan Carlos Rodríguez 0-0: Ball
1-0: Swinging Strike
1-1: Ball
2-1: Ball
3-1: Base on Balls
Elliott Newell to second
Batting: SHB António De La Cruz 0-0: Ball
1-0: Called Strike
1-1: Ball
2-1: Foul Ball, location: 2F
2-2: Foul Ball, location: 2F
2-2: Foul Ball, location: 2F
2-2: Foul Ball, location: 2F
2-2: Ball
3-2: Base on Balls
Elliott Newell to third
Juan Carlos Rodríguez to second
Batting: LHB Jesús Tobías 0-0: Called Strike
0-1: SINGLE (Flyball, 5D)
Elliott Newell scores
Juan Carlos Rodríguez to third
António De La Cruz to second
Batting: LHB Derek Davidson 0-0: Foul Ball, location: 2F
0-1: Ball
1-1: Foul Ball, location: 2F
1-2: Foul Ball, location: 2F
1-2: Ball
2-2: Foul Ball, location: 2F
2-2: Ball
3-2: Base on Balls
Juan Carlos Rodríguez scores
António De La Cruz to third
Jesús Tobías to second
Batting: RHB Norberto Taváres 0-0: Called Strike
0-1: Ball
1-1: Ball
2-1: SINGLE (Groundball, 4D)
António De La Cruz scores
Jesús Tobías to third
Derek Davidson to second
Batting: RHB Gabriel Erwin 0-0: Swinging Strike
0-1: Foul Ball, location: 2F
0-2: Ball
1-2: Grounds into double play, 6-4-3 (Groundball, 56)
Jesús Tobías scores
Derek Davidson to third
Batting: RHB Calvin Bennett 0-0: Ground out 5-3 (Groundball, 56)
Top of the 7th over - 4 runs, 3 hits, 0 errors, 1 left on base; Springfield 13 - New York 0
BOTTOM OF THE 7TH
New York Knights batting - Pitching for Springfield Stars : RHP Claudio Martínez
Batting: RHB Alberto Hernández 0-0: Swinging Strike
0-1: Foul Ball, location: 2F
0-2: Strikes out swinging
Batting: SHB Mark Wells 0-0: Called Strike
0-1: Ball
1-1: Called Strike
1-2: Foul Ball, location: 2F
1-2: Ball
2-2: Ball
3-2: SINGLE (Groundball, 4MD)
Batting: RHB Vic Langlois 0-0: Called Strike
Mark Wells steals 2nd base
0-1: Called Strike
Mark Wells is caught stealing 3rd base
0-2: Strikes out swinging
Bottom of the 7th over - 0 runs, 1 hit, 0 errors, 0 left on base; Springfield 13 - New York 0
TOP OF THE 8TH
Springfield Stars batting - Pitching for New York Knights : LHP Henny van der Lack
Pitching: RHP Chris Young
Batting: LHB Will Hill 0-0: Ball
1-0: Swinging Strike
1-1: Ground out 4-3 (Groundball, 4S)
Batting: LHB Elliott Newell 0-0: Called Strike
0-1: Ball
1-1: Ball
2-1: Called Strike
2-2: Fly out, F5 (Line Drive, 56)
Batting: RHB Juan Carlos Rodríguez 0-0: Ball
1-0: Fly out, F9 (Flyball, 9LS)
Top of the 8th over - 0 runs, 0 hits, 0 errors, 0 left on base; Springfield 13 - New York 0
BOTTOM OF THE 8TH
New York Knights batting - Pitching for Springfield Stars : RHP Claudio Martínez
Batting: LHB Bill McCraney 0-0: Swinging Strike
0-1: Ball
1-1: Called Strike
1-2: Strikes out swinging
Batting: LHB José Peralta 0-0: Swinging Strike
0-1: Ball
1-1: Ball
2-1: Ball
3-1: Base on Balls
Batting: RHB Jackson Gibson 0-0: Ball
1-0: Called Strike
1-1: Ball
2-1: Fly out, F7 (Flyball, 7S)
Pitching: RHP Hyo-chin Ch'oe
Batting: RHB Robert Downing 0-0: Foul Ball, location: 2F
0-1: Ground out 1-3 (Groundball, P)
Bottom of the 8th over - 0 runs, 0 hits, 0 errors, 1 left on base; Springfield 13 - New York 0
TOP OF THE 9TH
Springfield Stars batting - Pitching for New York Knights : RHP Chris Young
Pinch Hitting: LHB Roberto Trujillo 0-0: Called Strike
0-1: Ball
1-1: Ball
2-1: Foul Ball, location: 2F
2-2: Ball
3-2: Base on Balls
Batting: LHB Jesús Tobías 0-0: Ball
1-0: Swinging Strike
1-1: Ball
2-1: Ball
3-1: Base on Balls
Roberto Trujillo to second
Batting: LHB Derek Davidson 0-0: Ball
1-0: Called Strike
1-1: Ball
Wild Pitch!
Roberto Trujillo to third
Jesús Tobías to second
2-1: Ball
3-1: Called Strike
3-2: Foul Ball, location: 2F
3-2: DOUBLE (Line Drive, 89XD)
Roberto Trujillo scores
Jesús Tobías scores
Batting: RHB Norberto Taváres 0-0: Called Strike
0-1: Ball
1-1: Ground out 6-3 (Groundball, 6)
Derek Davidson to third
Batting: RHB Gabriel Erwin 0-0: Called Strike
0-1: Ground out 3-1 (Groundball, 34)
Derek Davidson scores
Batting: RHB Calvin Bennett 0-0: Called Strike
0-1: Foul Ball, location: 2F
0-2: SINGLE (Groundball, 56) (infield hit)
Batting: LHB Will Hill 0-0: Ball
1-0: Called Strike
1-1: Swinging Strike
1-2: SINGLE (Line Drive, 8LS)
Calvin Bennett to second
Batting: LHB Elliott Newell 0-0: Ball
1-0: Foul Ball, location: 2F
1-1: Foul Ball, location: 2F
1-2: SINGLE (Groundball, 4MD)
Calvin Bennett to third
Will Hill to second
Runner from 3rd tries for Home, SAFE, no throw
Batting: RHB Juan Carlos Rodríguez 0-0: Ball
1-0: Ball
2-0: Called Strike
2-1: Fly out, F9 (Flyball, 9S)
Top of the 9th over - 4 runs, 4 hits, 0 errors, 2 left on base; Springfield 17 - New York 0
BOTTOM OF THE 9TH
New York Knights batting - Pitching for Springfield Stars : RHP Hyo-chin Ch'oe
Now at C: Roberto Trujillo
Batting: LHB Sixto Cortés 0-0: Called Strike
0-1: Ball
1-1: Ground out 5-3 (Groundball, 5L)
Batting: LHB Bernardo Rodríguez 0-0: Swinging Strike
0-1: Ball
1-1: Swinging Strike
1-2: Strikes out swinging
Batting: RHB Alberto Hernández 0-0: Foul Ball, location: 2F
0-1: Called Strike
0-2: Ground out U3 (Groundball, 3)
Bottom of the 9th over - 0 runs, 0 hits, 0 errors, 0 left on base; Springfield 17 - New York 0
Saturday, April 7th, 2018 - OOTP Baseball 18.8 Build 76